| TOP OF THE 1ST |
|
Arizona Diamondbacks batting - Pitching for Los Angeles Dodgers : RHP Kalititi Haki
|
|
Pitching: RHP Kalititi Haki
|
|
|
Batting: RHB Andy Swaim
|
0-0: Ball 1-0: SOLO HOME RUN (Flyball, 9D, EV 99.4 MPH), Distance : 366 ft
|
|
Batting: RHB Katilimomi Kelekolio
|
0-0: Foul Ball, location: 2F 0-1: Ball 1-1: Foul Ball, location: 2F 1-2: Ball 2-2: Foul Ball, location: 2F 2-2: Foul Ball, location: 2F 2-2: Ball 3-2: Foul Ball, location: 2F 3-2: SOLO HOME RUN (Flyball, 7LD, EV 95.0 MPH), Distance : 363 ft
|
|
Batting: LHB Roy Steigerwald
|
0-0: Foul Ball, location: 2F 0-1: Foul Ball, location: 2F 0-2: Foul Ball, location: 2F 0-2: Ball 1-2: Foul Ball, location: 2F 1-2: Fly out, F7 (Line Drive, 78M, EV 85.0 MPH)
|
|
Batting: LHB Joel Kunkler
|
0-0: Ball 1-0: Ball 2-0: Ball 3-0: Called Strike 3-1: Called Strike 3-2: Foul Ball, location: 2F 3-2: Foul Ball, location: 2F 3-2: SINGLE (Line Drive, 9S, EV 92.5 MPH)
|
|
Batting: SHB Salvador Aragon
|
0-0: Ball 1-0: SINGLE (Line Drive, 7LS, EV 97.5 MPH) Joel Kunkler to second
|
|
Batting: LHB Kyle Beaulieu
|
0-0: Called Strike 0-1: Foul Ball, location: 2F 0-2: Grounds into double play, 4-6-3 (Groundball, 4, EV 90.0 MPH)
|
| Top of the 1st over - 2 runs, 4 hits, 0 errors, 1 left on base; Arizona 2 - Los Angeles 0 |
| BOTTOM OF THE 1ST |
|
Los Angeles Dodgers batting - Pitching for Arizona Diamondbacks : RHP David Mendoza
|
|
Pitching: RHP David Mendoza
|
|
|
Batting: RHB Clay Buchanan
|
0-0: Ball 1-0: Ball 2-0: Ball 3-0: Base on Balls
|
|
Batting: RHB Tim Nettles
|
0-0: Called Strike 0-1: Ball 1-1: Foul Ball, location: 2F 1-2: Strikes out swinging
|
|
Batting: SHB Shane Marcum
|
0-0: Ball 1-0: Ball 2-0: Foul Ball, location: 2F 2-1: Ball 3-1: Called Strike 3-2: Base on Balls Clay Buchanan to second
|
|
Batting: LHB Juan Concepcion
|
0-0: Ball 1-0: Ball 2-0: Foul Ball, location: 2F 2-1: Called Strike 2-2: Strikes out swinging
|
|
Batting: LHB Stephen Van Raalte
|
0-0: Fly out, F8 (Line Drive, 78M, EV 97.5 MPH)
|
| Bottom of the 1st over - 0 runs, 0 hits, 0 errors, 2 left on base; Arizona 2 - Los Angeles 0 |
| TOP OF THE 2ND |
|
Arizona Diamondbacks batting - Pitching for Los Angeles Dodgers : RHP Kalititi Haki
|
|
Batting: RHB Bob Najar
|
0-0: Ball 1-0: Ground out 6-3 (Groundball, 6MD, EV 81.9 MPH)
|
|
Batting: LHB Bobby Arevalo
|
0-0: Called Strike 0-1: Called Strike 0-2: Strikes out swinging
|
|
Batting: SHB Warren Eisner
|
0-0: Called Strike 0-1: Swinging Strike 0-2: Ball 1-2: Fly out, F9 (Flyball, 89D, EV 90.6 MPH)
|
| Top of the 2nd over - 0 runs, 0 hits, 0 errors, 0 left on base; Arizona 2 - Los Angeles 0 |
| BOTTOM OF THE 2ND |
|
Los Angeles Dodgers batting - Pitching for Arizona Diamondbacks : RHP David Mendoza
|
|
Batting: RHB Ben Mischnick
|
0-0: Called Strike 0-1: Ball 1-1: Swinging Strike 1-2: Strikes out swinging
|
|
Batting: RHB Wing-kit Bu
|
0-0: Ball 1-0: Called Strike 1-1: Swinging Strike 1-2: Ball 2-2: Foul Ball, location: 2F 2-2: Ground out U3 (Groundball, 34S, EV 90.6 MPH)
|
|
Batting: RHB John Piccolo
|
0-0: Ball 1-0: Ball 2-0: Fly out, F7 (Flyball, 7D, EV 98.1 MPH)
|
| Bottom of the 2nd over - 0 runs, 0 hits, 0 errors, 0 left on base; Arizona 2 - Los Angeles 0 |
| TOP OF THE 3RD |
|
Arizona Diamondbacks batting - Pitching for Los Angeles Dodgers : RHP Kalititi Haki
|
|
Batting: RHB Andy Swaim
|
0-0: Ball 1-0: Called Strike 1-1: Ball 2-1: Foul Ball, location: 2F 2-2: Ball 3-2: Base on Balls
|
|
Batting: RHB Katilimomi Kelekolio
|
0-0: Called Strike Andy Swaim steals 2nd base 0-1: Ball 1-1: Swinging Strike 1-2: TRIPLE (Line Drive, 89XD, EV 100.0 MPH) Andy Swaim scores
|
|
Batting: LHB Roy Steigerwald
|
0-0: Ball 1-0: Ball 2-0: Ball 3-0: Called Strike 3-1: Ground out 4-3 (Groundball, 4, EV 83.1 MPH) Katilimomi Kelekolio scores
|
|
Batting: LHB Joel Kunkler
|
0-0: Foul Ball, location: 2F 0-1: Fly out, F6 (Popup, 6M, EV 56.2 MPH)
|
|
Batting: SHB Salvador Aragon
|
0-0: Ball 1-0: Ball 2-0: Called Strike 2-1: DOUBLE (Flyball, 89D, EV 86.9 MPH)
|
|
Pitching: RHP Adam Bucci
|
|
|
Batting: LHB Kyle Beaulieu
|
0-0: Ball 1-0: Called Strike 1-1: Foul Ball, location: 2F 1-2: Ground out 5-3 (Groundball, 5, EV 87.5 MPH)
|
| Top of the 3rd over - 2 runs, 2 hits, 0 errors, 1 left on base; Arizona 4 - Los Angeles 0 |
| BOTTOM OF THE 3RD |
|
Los Angeles Dodgers batting - Pitching for Arizona Diamondbacks : RHP David Mendoza
|
|
Batting: RHB Leonardo Nava
|
0-0: Called Strike 0-1: Called Strike 0-2: Ball 1-2: Strikes out swinging
|
|
Batting: RHB Clay Buchanan
|
0-0: Ball 1-0: Foul Ball, location: 2F 1-1: Swinging Strike 1-2: Strikes out swinging
|
|
Batting: RHB Tim Nettles
|
0-0: Swinging Strike 0-1: Called Strike 0-2: Ball 1-2: Ball 2-2: Foul Ball, location: 2F 2-2: Strikes out swinging
|
| Bottom of the 3rd over - 0 runs, 0 hits, 0 errors, 0 left on base; Arizona 4 - Los Angeles 0 |
| TOP OF THE 4TH |
|
Arizona Diamondbacks batting - Pitching for Los Angeles Dodgers : RHP Adam Bucci
|
|
Batting: RHB Bob Najar
|
0-0: Foul Ball, location: 2F 0-1: Fly out, F9 (Flyball, 9, EV 86.9 MPH)
|
|
Batting: LHB Bobby Arevalo
|
0-0: Foul Ball, location: 2F 0-1: Ball 1-1: Swinging Strike 1-2: Strikes out swinging
|
|
Batting: SHB Warren Eisner
|
0-0: Ground out 6-3 (Groundball, 6, EV 101.9 MPH)
|
| Top of the 4th over - 0 runs, 0 hits, 0 errors, 0 left on base; Arizona 4 - Los Angeles 0 |
| BOTTOM OF THE 4TH |
|
Los Angeles Dodgers batting - Pitching for Arizona Diamondbacks : RHP David Mendoza
|
|
Pitching: RHP Rich Garces
|
|
|
Batting: SHB Shane Marcum
|
0-0: Ball 1-0: Ball 2-0: Ball 3-0: Base on Balls
|
|
Batting: LHB Juan Concepcion
|
0-0: Called Strike 0-1: Ball 1-1: Swinging Strike 1-2: Ball 2-2: Foul Ball, location: 2F 2-2: Strikes out swinging
|
|
Batting: LHB Stephen Van Raalte
|
0-0: Grounds into double play, 4-6-3 (Groundball, 4, EV 76.9 MPH)
|
| Bottom of the 4th over - 0 runs, 0 hits, 0 errors, 0 left on base; Arizona 4 - Los Angeles 0 |
| TOP OF THE 5TH |
|
Arizona Diamondbacks batting - Pitching for Los Angeles Dodgers : RHP Adam Bucci
|
|
Now in LF: Darrell Ortega
|
|
|
Now in RF: Stephen Van Raalte
|
|
|
Pinch Hitting: LHB Steve Reinhart
|
0-0: Ball 1-0: Called Strike 1-1: Ball 2-1: Foul Ball, location: 2F 2-2: Strikes out looking
|
|
Batting: RHB Katilimomi Kelekolio
|
0-0: Ball 1-0: Called Strike 1-1: Ball 2-1: Foul Ball, location: 2F 2-2: Strikes out swinging
|
|
Pinch Hitting: RHB Ji-an Li
|
0-0: Swinging Strike 0-1: Called Strike 0-2: Ball 1-2: Fly out, F8 (Flyball, 78M, EV 86.2 MPH)
|
| Top of the 5th over - 0 runs, 0 hits, 0 errors, 0 left on base; Arizona 4 - Los Angeles 0 |
| BOTTOM OF THE 5TH |
|
Los Angeles Dodgers batting - Pitching for Arizona Diamondbacks : RHP Rich Garces
|
|
Pitching: RHP Stanford Placard
|
|
|
Now at 1B: Dusty Thompson
|
|
|
Now at 2B: Katilimomi Kelekolio
|
|
|
Now at 3B: Steve Reinhart
|
|
|
Now in LF: Ji-an Li
|
|
|
Batting: RHB Ben Mischnick
|
0-0: Foul Ball, location: 2F 0-1: Swinging Strike 0-2: Foul Ball, location: 2F 0-2: Ball 1-2: SINGLE (Groundball, 4MD, EV 104.4 MPH)
|
|
Batting: RHB Wing-kit Bu
|
0-0: Grounds into double play, 5-4-3 (Groundball, 56, EV 80.6 MPH)
|
|
Batting: RHB John Piccolo
|
0-0: Ball 1-0: SINGLE (Groundball, 6MS, EV 70.0 MPH) (infield hit)
|
|
Batting: RHB Leonardo Nava
|
0-0: Ball 1-0: Fly out, F8 (Line Drive, 78D, EV 99.4 MPH)
|
| Bottom of the 5th over - 0 runs, 2 hits, 0 errors, 1 left on base; Arizona 4 - Los Angeles 0 |
| TOP OF THE 6TH |
|
Arizona Diamondbacks batting - Pitching for Los Angeles Dodgers : RHP Adam Bucci
|
|
Pitching: RHP Bo Chia
|
|
|
Now at 2B: Theo Schepers
|
|
|
Now at SS: Leonardo Nava
|
|
|
Pinch Hitting: LHB Mike Mentzer
|
0-0: Swinging Strike 0-1: Foul Ball, location: 2F 0-2: Fly out, F7 (Flyball, 7D, EV 106.9 MPH)
|
|
Batting: LHB Jeff Densmore
|
0-0: Ball 1-0: Ball 2-0: Foul Ball, location: 2F 2-1: Ball 3-1: Foul Ball, location: 2F 3-2: Foul Ball, location: 2F 3-2: Base on Balls
|
|
Pinch Hitting: RHB Marlon Reda
|
0-0: Ball 1-0: Called Strike 1-1: Ball 2-1: DOUBLE (Flyball, 8LXD, EV 105.6 MPH) Jeff Densmore to third
|
|
Pinch Hitting: LHB Kevin Ferguson
|
0-0: SINGLE (Line Drive, 8LS, EV 95.6 MPH) Jeff Densmore scores Marlon Reda to third
|
|
Batting: RHB Dusty Thompson
|
0-0: Called Strike 0-1: Called Strike 0-2: Strikes out swinging
|
|
Pinch Hitting: SHB Alec Thorpe
|
0-0: Called Strike 0-1: Ball 1-1: Ball 2-1: Swinging Strike 2-2: Foul Ball, location: 2F 2-2: Strikes out swinging
|
| Top of the 6th over - 1 run, 2 hits, 0 errors, 2 left on base; Arizona 5 - Los Angeles 0 |
| BOTTOM OF THE 6TH |
|
Los Angeles Dodgers batting - Pitching for Arizona Diamondbacks : RHP Stanford Placard
|
|
Pitching: RHP Bill Pauley
|
|
|
Now at C: Alec Thorpe
|
|
|
Now at SS: Marlon Reda
|
|
|
Now in CF: Mike Mentzer
|
|
|
Now in RF: Kevin Ferguson
|
|
|
Batting: RHB Theo Schepers
|
0-0: Swinging Strike 0-1: Swinging Strike 0-2: Ball 1-2: Strikes out swinging
|
|
Batting: LHB Darrell Ortega
|
0-0: Ground out 4-3 (Groundball, 4M, EV 100.6 MPH)
|
|
Batting: SHB Shane Marcum
|
0-0: Called Strike 0-1: Fly out, F8 (Flyball, 8LD, EV 94.4 MPH)
|
| Bottom of the 6th over - 0 runs, 0 hits, 0 errors, 0 left on base; Arizona 5 - Los Angeles 0 |
| TOP OF THE 7TH |
|
Arizona Diamondbacks batting - Pitching for Los Angeles Dodgers : RHP Bo Chia
|
|
Pitching: RHP Santiago Montero
|
|
|
Batting: LHB Steve Reinhart
|
0-0: Called Strike 0-1: Ball 1-1: Called Strike 1-2: Strikes out swinging
|
|
Pinch Hitting: RHB Edgar Garcia
|
0-0: Ball 1-0: Ball 2-0: Called Strike 2-1: Swinging Strike 2-2: Ball 3-2: Strikes out swinging
|
|
Batting: RHB Ji-an Li
|
0-0: Ball 1-0: Foul Ball, location: 2F 1-1: Swinging Strike 1-2: Ball 2-2: Strikes out swinging
|
| Top of the 7th over - 0 runs, 0 hits, 0 errors, 0 left on base; Arizona 5 - Los Angeles 0 |
| BOTTOM OF THE 7TH |
|
Los Angeles Dodgers batting - Pitching for Arizona Diamondbacks : RHP Bill Pauley
|
|
Pitching: LHP Afanasy Apatenko
|
|
|
Now at 2B: Edgar Garcia
|
|
|
Batting: LHB Lirak Bazhunaishvili
|
0-0: Called Strike 0-1: Ball 1-1: SINGLE (Groundball, 5S, EV 73.1 MPH) (infield hit)
|
|
Pinch Hitting: LHB Steve Pond
|
0-0: SINGLE (Groundball, 56D, EV 103.8 MPH) Lirak Bazhunaishvili to second
|
|
Batting: RHB Ben Mischnick
|
0-0: Ball 1-0: Ball 2-0: Called Strike 2-1: Foul Ball, location: 2F 2-2: Strikes out looking
|
|
Pinch Hitting: SHB Joel Baker
|
0-0: Swinging Strike 0-1: Ball 1-1: Fly out, F9 (Flyball, 9, EV 88.1 MPH)
|
|
Pinch Hitting: RHB Danny Dyer
|
0-0: Swinging Strike 0-1: Ball 1-1: Swinging Strike 1-2: Ground out 1-3 (Groundball, 13S, EV 68.8 MPH)
|
| Bottom of the 7th over - 0 runs, 2 hits, 0 errors, 2 left on base; Arizona 5 - Los Angeles 0 |
| TOP OF THE 8TH |
|
Arizona Diamondbacks batting - Pitching for Los Angeles Dodgers : RHP Santiago Montero
|
|
Pitching: RHP Balinda Msrah
|
|
|
Now at 1B: Danny Dyer
|
|
|
Now in CF: Joel Baker
|
|
|
Now in RF: Steve Pond
|
|
|
Batting: LHB Mike Mentzer
|
0-0: Fly out, F9 (Flyball, 9LMF, EV 83.8 MPH)
|
|
Batting: LHB Jeff Densmore
|
0-0: Ball 1-0: Ball 2-0: Foul Ball, location: 2F 2-1: Ball 3-1: Base on Balls
|
|
Batting: RHB Marlon Reda
|
0-0: Called Strike 0-1: Called Strike 0-2: Ball 1-2: Ball 2-2: Foul Ball, location: 2F 2-2: Strikes out looking
|
|
Batting: LHB Kevin Ferguson
|
0-0: Called Strike 0-1: Foul Ball, location: 2F 0-2: Ball 1-2: Ground out 1-3 (Groundball, 15S, EV 65.0 MPH)
|
| Top of the 8th over - 0 runs, 0 hits, 0 errors, 1 left on base; Arizona 5 - Los Angeles 0 |
| BOTTOM OF THE 8TH |
|
Los Angeles Dodgers batting - Pitching for Arizona Diamondbacks : LHP Afanasy Apatenko
|
|
Pitching: RHP Adam Silbert
|
|
|
Batting: RHB Leonardo Nava
|
0-0: Foul Ball, location: 2F 0-1: Ball 1-1: Ball 2-1: Fly out, F8 (Line Drive, 8LD, EV 89.4 MPH)
|
|
Batting: RHB Theo Schepers
|
0-0: Foul Ball, location: 2F 0-1: Foul Ball, location: 2F 0-2: Strikes out swinging
|
|
Batting: LHB Darrell Ortega
|
0-0: Ball 1-0: Ball 2-0: Ball 3-0: Called Strike 3-1: Swinging Strike 3-2: Foul Ball, location: 2F 3-2: Base on Balls
|
|
Batting: SHB Shane Marcum
|
0-0: Ball 1-0: Foul Ball, location: 2F 1-1: Ground out 4-3 (Groundball, 4, EV 106.2 MPH)
|
| Bottom of the 8th over - 0 runs, 0 hits, 0 errors, 1 left on base; Arizona 5 - Los Angeles 0 |
| TOP OF THE 9TH |
|
Arizona Diamondbacks batting - Pitching for Los Angeles Dodgers : RHP Balinda Msrah
|
|
Pitching: LHP Gavin White
|
|
|
Batting: RHB Dusty Thompson
|
0-0: SOLO HOME RUN (Flyball, 9D, EV 98.1 MPH), Distance : 372 ft
|
|
Batting: SHB Alec Thorpe
|
0-0: Ball 1-0: Foul Ball, location: 2F 1-1: Called Strike 1-2: Ball 2-2: Fly out, F8 (Flyball, 8LD, EV 91.9 MPH)
|
|
Batting: LHB Steve Reinhart
|
0-0: Called Strike 0-1: Swinging Strike 0-2: Fly out, F7 (Flyball, 78M, EV 93.1 MPH)
|
|
Batting: RHB Edgar Garcia
|
0-0: Ball 1-0: Foul Ball, location: 2F 1-1: Swinging Strike 1-2: Ball 2-2: Foul Ball, location: 2F 2-2: Foul Ball, location: 2F 2-2: Ball 3-2: Base on Balls
|
|
Batting: RHB Ji-an Li
|
0-0: Called Strike 0-1: Ball Edgar Garcia steals 2nd, throwing error, E2 Edgar Garcia to third 1-1: Ball 2-1: Foul Ball, location: 2F 2-2: Foul Ball, location: 2F 2-2: Ball 3-2: Fly out, F8 (Flyball, 8RM, EV 89.4 MPH)
|
| Top of the 9th over - 1 run, 1 hit, 1 error, 1 left on base; Arizona 6 - Los Angeles 0 |
| BOTTOM OF THE 9TH |
|
Los Angeles Dodgers batting - Pitching for Arizona Diamondbacks : RHP Adam Silbert
|
|
Pitching: RHP Gerardo Camacho
|
|
|
Batting: LHB Lirak Bazhunaishvili
|
0-0: Swinging Strike 0-1: Foul Ball, location: 2F 0-2: Ball 1-2: Foul Ball, location: 2F 1-2: Fly out, F8 (Line Drive, 8RD, EV 102.5 MPH)
|
|
Batting: LHB Steve Pond
|
0-0: Foul Ball, location: 2F 0-1: SOLO HOME RUN (Line Drive, 9D, EV 94.4 MPH), Distance : 375 ft
|
|
Batting: RHB Ben Mischnick
|
0-0: Ball 1-0: Called Strike 1-1: Ball 2-1: Foul Ball, location: 2F 2-2: Strikes out swinging
|
|
Batting: SHB Joel Baker
|
0-0: Called Strike 0-1: Foul Ball, location: 2F 0-2: Ball 1-2: Foul Ball, location: 2F 1-2: Ball 2-2: Fly out, F9 (Flyball, 9D, EV 81.9 MPH)
|
| Bottom of the 9th over - 1 run, 1 hit, 0 errors, 0 left on base; Arizona 6 - Los Angeles 1 |
|